 Dungeon Crawl Stone Soup version 0.16.1-4-g8e1b745 (webtiles) character file.

14 RobertPalmer the Grasshopper (level 2, 0/19 HPs)
             Began as an Octopode Warper on Mar 27, 2015.
             Succumbed to an adder's poison
             ... on level 2 of the Dungeon.
             The game lasted 00:00:40 (861 turns).

RobertPalmer the Grasshopper (Octopode Warper)       Turns: 861, Time: 00:00:40

Health: 0/19       AC:  1    Str: 10    XL:     2   Next: 45%
Magic:  4/4        EV: 12    Int: 15    God:
Gold:   59         SH:  0    Dex: 11    Spells: 1 memorised, 4 levels left

rFire  . . .     SeeInvis .     a - +0 short sword
rCold  . . .     Clarity  .     (no shield)
rNeg   . . .     SustAb   .     (helmet restricted)
rPois  .         Gourm    .     (no amulet)
rElec  .         Spirit   .     (no ring)
rCorr  .         Warding  .     (no ring)
rMut   .         Stasis   .     (no ring)
MR     .....                    (no ring)
Stlth  ++........               (no ring)
                                (no ring)
                                (no ring)
                                (no ring)

@: lethally poisoned (0 -> -3), very slightly contaminated, invisible, not
resistant to hostile enchantments, unstealthy
A: almost no armour, amphibious, 8 rings, constrict 8, camouflage 1, gelatinous
body 1
a: no special abilities


You were on level 2 of the Dungeon.
You were not hungry.

You visited 1 branch of the dungeon, and saw 2 of its levels.

You collected 59 gold pieces.

Inventory:

Hand weapons
 a - a +0 short sword (weapon)
Missiles
 e - 5 tomahawks of dispersal {=f}
Jewellery
 h - a +4 ring of strength {unknown}
   (You found it on level 1 of the Dungeon)
Scrolls
 d - a scroll of blinking {!r}
 j - a scroll of fog {unknown}
 k - a scroll of enchant armour {unknown}
Potions
 b - a potion of haste {unknown}
 i - a potion of invisibility
Books
 c - a book of Spatial Translocations
Comestibles
 f - a bread ration {@e1}
 g - a beef jerky


   Skills:
 - Level 2.0 Fighting
 + Level 3.0 Short Blades
 - Level 1.0 Throwing
 - Level 2.3 Dodging
 - Level 2.0 Spellcasting
 - Level 3.0 Translocations


You had 4 spell levels left.
You knew the following spells:

 Your Spells              Type           Power        Failure   Level  Hunger
g - Apportation           Tloc           ##........   8%          1    #......


Dungeon Overview and Level Annotations

Branches:
Dungeon (2/15)

Altars:


Innate Abilities, Weirdness & Mutations

You cannot wear most types of armour.
You are amphibious.
You can wear up to eight rings at the same time.
You can use your tentacles to constrict many enemies at once.
Your skin changes colour to match your surroundings (Stealth).
Your rubbery body absorbs attacks (AC +1).


Message History

An ooze is nearby!
An ooze is nearby!
The ooze quivers.
You hit the ooze. You squeeze the ooze! The ooze hits you.
You take 3 damage, and have 16/19 hp.
You hit the ooze but do no damage. You hit the ooze but do no damage.
The ooze hits you.
You take 5 damage, and have 11/19 hp.
MASSIVE DAMAGE!!
You hit the ooze.
You kill the ooze!
You start resting.
You start resting.
Health restored: 19 Unknown command.
A bat comes into view.
A bat is nearby!
A bat is nearby!
A bat is nearby!
A bat is nearby!
A bat is nearby!
The bat misses you. The bat hits you but does no damage.
You hit the bat but do no damage. You grab the bat.
You constrict the bat, but do no damage.
The bat hits you.
The bat struggles to escape constriction.
The bat closely misses you.
You take 1 damage, and have 18/19 hp.
You hit the bat.
You kill the bat!
A ball python comes into view.
A ball python is nearby!
A ball python is nearby!
You closely miss the ball python. You grab the ball python.
You constrict the ball python. The ball python barely misses you.
The ball python closely misses you. The ball python bites you.
The ball python grabs you. The ball python constricts you.
You take 2 damage, and have 16/19 hp.
A ball python is nearby!
You hit the ball python.
You kill the ball python!
No target in view!
No target in view!
(D) Dungeon
Where to? (? - help)
There is a stone staircase leading down here.
You climb downwards.
A giant cockroach comes into view.
There is a stone staircase leading up here.
A giant cockroach is nearby!
A giant cockroach is nearby!
The helpless giant cockroach fails to defend itself.
You hit the giant cockroach.
You kill the giant cockroach!
Your Short Blades skill increases to level 3!
You see here a giant cockroach corpse.
A giant cockroach comes into view.
You see here 7 gold pieces.
You regained 2 hp, and now have 18/19 hp.
A giant cockroach is nearby!
A giant cockroach is nearby!
A giant cockroach is nearby!
A giant cockroach is nearby!
An adder comes into view.
You closely miss the giant cockroach. You grab the giant cockroach.
You constrict the giant cockroach. The giant cockroach bites you.
You take 1 damage, and have 17/19 hp.
You hit the giant cockroach. You constrict the giant cockroach.
You kill the giant cockroach!
The adder bites you.
You are poisoned.
The adder poisons you! The adder closely misses you.
You take 1 damage, and have 16/19 hp.
You closely miss the adder. Your grab misses the adder.
You feel sick. The adder bites you.
You take 4 damage, and have 12/19 hp.
MASSIVE DAMAGE!!
You closely miss the adder. Your grab misses the adder. The adder bites you.
You take 1 damage, and have 11/19 hp.
You miss the adder. Your grab misses the adder.
You feel sick. The adder bites you.
You take 4 damage, and have 7/19 hp.
MASSIVE DAMAGE!!
You completely miss the adder. Your grab misses the adder.
The adder closely misses you.
You hit the adder but do no damage. Your grab misses the adder.
The adder bites you.
* * * LOW HITPOINT WARNING * * *
The adder bites you.
* * * LOW HITPOINT WARNING * * *
You take 6 damage, and have 1/19 hp.
MASSIVE DAMAGE!!
Drink which item? (? for menu, Esc to quit)
It was a potion of invisibility.
You fade into invisibility!
The adder barely misses you.
You are very lightly contaminated with residual magic.
You hit the adder. You grab the adder. You constrict the adder.
You die...

#####.###.####
.............#
.. ##......##.##
...##.###$.##.#
............##.#
.#.......#.##.#
#..###..#.##.#
#....†..#.##.#
#.....@...##.#
#.##.##S####.# #
#. #.# #.# #.
#.# #.# # #.#
#†# .# #.# .#
#<# ## #.# #.#


You could see an adder.

Vanquished Creatures
  An ooze (D:1)
  A goblin (D:1)
  A ball python (D:1)
  A bat (D:1)
  2 giant cockroaches (D:2)
  7 giant newts (D:1)
  3 kobolds (D:1)
16 creatures vanquished.

Notes
Turn   | Place    | Note
--------------------------------------------------------------
     0 | D:1      | RobertPalmer, the Octopode Warper, began the quest for the Orb.
     0 | D:1      | Reached XP level 1. HP: 14/14 MP: 3/3
   327 | D:1      | Reached XP level 2. HP: 17/19 MP: 4/4
   830 | D:2      | Reached skill level 3 in Short Blades
   859 | D:2      | HP: 3/19 [adder (4)]
   859 | D:2      | HP: 1/19 [adder (2)]
   861 | D:2      | Succumbed to an adder's poison

Action                   || total
-------------------------++-------
Melee: Short sword       ||    46
  Use: Potion            ||     1
 Stab: Sleeping          ||     1

Vault maps used:
D:1:      roderic_crossed_star, minmay_liquid_box, minmay_newt_pond
D:2:      minmay_misc_feat_columns, uniq_sigmund

Table legend:
 A = Turns spent in this place as a percentage of turns spent in the entire game.
 B = Non-inter-level travel turns spent in this place as a percentage of non-inter-level travel turns spent in the entire game.
 C = Inter-level travel turns spent in this place as a percentage of turns spent in this place.
 D = Turns resting spent in this place as a percentage of non-inter-level travel turns spent in this place.
 E = Turns spent auto-exploring this place as a percentage of non-inter-level travel turns spent in this place.
 F = Non-inter-level travel turns spent in this place divided by the number of levels of this place that you've seen.
                   A       B       C       D       E      F
               +-------+-------+-------+-------+-------+----------------------
         Total | 100.0 | 100.0 |   0.6 |   3.7 |  10.6 |  80.5
       Dungeon | 100.0 | 100.0 |   0.6 |   3.7 |  10.6 |  80.5
               +-------+-------+-------+-------+-------+----------------------

Table legend:
 A = Kills in this place as a percentage of kills in entire the game.
 B = Kills by you in this place as a percentage of kills by you in the entire game.
 C = Kills by friends in this place as a percentage of kills by friends in the entire game.
 D = Other kills in this place as a percentage of other kills in the entire game.
 E = Experience gained in this place as a percentage of experience gained in the entire game.
 F = Experience gained in this place divided by the number of levels of this place that you have seen.
                   A       B       C       D       E      F
               +-------+-------+-------+-------+-------+----------------------
         Total | 100.0 | 100.0 |  -nan |  -nan | 100.0 |  10.5
       Dungeon | 100.0 | 100.0 |  -nan |  -nan | 100.0 |  10.5
               +-------+-------+-------+-------+-------+----------------------
